 Dungeon Crawl Stone Soup version 0.21-a0-150-gc243083 (console) character file.

5854 lynn the Nimble (level 11, -4/54 HPs)
             Began as a Kobold Conjurer on Nov 28, 2016.
             Was a Priest of Qazlal.
             Slain by a yak (15 damage)
             ... on level 8 of the Dungeon on July 29, 2017.
             The game lasted 01:14:37 (11651 turns).

lynn the Nimble (Kobold Conjurer)                  Turns: 11651, Time: 01:14:38

Health: -4/54      AC: 12    Str:  7    XL:     11   Next: 7%
Magic:  14/17      EV: 23    Int: 18    God:    Qazlal [***...]
Gold:   427        SH:  4    Dex: 16    Spells: 10/19 levels left

rFire    . . .     SeeInvis .   b - +1 dagger (elec)
rCold    . . .     Gourm    .   (shield restricted)
rNeg     + . .     Faith    .   x - +2 robe {rN+}
rPois    .         Spirit   .   k - +1 helmet
rElec    .         Reflect  .   i - +2 cloak
rCorr    .         Harm     .   (no gloves)
MR       +....                  G - +0 pair of boots
Stlth    ++........             y - amulet of magic regeneration
HPRegen  0.18/turn              l - +2 ring of protection
MPRegen  0.40/turn              O - ring of protection from magic

@: very slightly contaminated
A: carnivore 3
a: Upheaval, Elemental Force, Renounce Religion


You were on level 8 of the Dungeon.
You worshipped Qazlal.
Qazlal was most pleased with you.
You were not hungry.

You visited 2 branches of the dungeon, and saw 10 of its levels.
You also visited: Sewer.

You collected 535 gold pieces.
You spent 108 gold pieces at shops.

Inventory:

Hand Weapons
 a - a +2 dagger of venom
 b - a +1 dagger of electrocution (weapon)
 c - a +0 hunting sling
 w - a +0 blowgun
Missiles
 e - 87 sling bullets
 s - 39 poisoned needles
Armour
 i - a +2 cloak (worn)
 k - a +1 helmet (worn)
 x - a +2 robe of positive energy (worn)
 G - a +0 pair of boots (worn)
Jewellery
 l - a +2 ring of protection (left hand)
 y - an amulet of magic regeneration (around neck)
 O - a ring of protection from magic (right hand)
Wands
 B - a wand of scattershot (6/9)
 N - a wand of clouds (3/9)
Scrolls
 f - 2 scrolls of teleportation
 g - 2 scrolls of recharging
 j - 2 scrolls of blinking
 o - a scroll of holy word {unknown}
 q - 3 scrolls of fog
 r - a scroll of noise {unknown}
 v - a scroll of random uselessness {unknown}
 z - a scroll of enchant armour
 A - a scroll of amnesia
 H - a scroll of enchant weapon
 K - 2 scrolls of remove curse
 L - a scroll of immolation {unknown}
 P - a scroll of acquirement {unknown}
Potions
 h - a potion of heal wounds
 p - 4 potions of curing
 t - a potion of brilliance {unknown}
 u - a potion of might
 C - a potion of agility {unknown}
 D - 2 potions of berserk rage
 E - 3 potions of flight {unknown}
 F - 4 potions of lignification
 I - 2 potions of haste {unknown}
Books
 n - a book of Conjurations

   Spells                             Type                      Level
   a - Magic Dart                     Conjuration                  1
   b - Searing Ray                    Conjuration                  2
   c - Dazzling Spray                 Conjuration/Hexes            3
   d - Fulminant Prism                Conjuration/Hexes            4
   e - Force Lance                    Conjuration/Translocation    4
   f - Iskenderun's Mystic Blast      Conjuration                  4
 Q - a book of Flames

   Spells                             Type                      Level
   a - Flame Tongue                   Conjuration/Fire             1
   b - Throw Flame                    Conjuration/Fire             2
   c - Conjure Flame                  Conjuration/Fire             3
   d - Inner Flame                    Hexes/Fire                   3
   e - Sticky Flame                   Conjuration/Fire             4
   f - Fireball                       Conjuration/Fire             5
Comestibles
 d - a meat ration
 m - 5 royal jellies


   Skills:
 - Level 11.0 Short Blades
 - Level 11.2 Dodging
 - Level 5.8 Stealth
 - Level 4.6 Spellcasting
 - Level 6.7 Conjurations
 - Level 4.8 Translocations
 + Level 2.5 Invocations


You had 10 spell levels left.
You knew the following spells:

 Your Spells              Type           Power        Failure   Level  Hunger
a - Magic Dart            Conj           ####         1%          1    None
b - Iskenderun's Mystic   Conj           ####....     9%          4    ####...
c - Force Lance           Conj/Tloc      ####....     13%         4    ####...


Dungeon Overview and Level Annotations

Branches:
Dungeon (9/15)             Temple (1/1) D:5
   Lair: D:8-11         Orc: D:9-12

Altars:
Ashenzari
Cheibriados
Fedhas
Gozag
Makhleb
Nemelex Xobeh
Okawaru
Qazlal
Ru
Trog
Uskayaw

Shops:
D:4 ?   D:8 *

Annotations:
D:7 killer bees on open level!, exclusion: hippogriff


Innate Abilities, Weirdness & Mutations

You are small and have problems with some larger weapons.
You are carnivorous and can eat meat at any time.


Message History

Casting: Force Lance
Confirm with . or Enter, or press ? or * to list all spells.
Aiming: Force Lance
Press: ? - help, Shift-Dir - straight line, f - yak, p - yak
Aim: a yak (lightly wounded)
You miscast Force Lance.
You are very lightly contaminated with residual magic.
Space twists in upon itself!
A spatial vortex comes into view.
The centaur skeleton completely misses you.
The yak is engulfed in blazing flames.
You block the yak's attack. The spatial vortex hits you!!
Space warps horribly around you!
* * * LOW HITPOINT WARNING * * *
The yak is engulfed in blazing flames.
You block the yak's attack.
The centaur skeleton closely misses you.
Okay, then.
The yak closely misses you.
The centaur skeleton hits you but does no damage.
The yak gores you!
You die...

..#.....##.###..#######
.........#....v..#
.................#
.................#
.................#
........5........#
.................#
..............Y.######
>........##...#Z###..#
........##..#.#Y#...##
...######.......@...#
.#.#..(....#....##..#
.#...#...........#..#
.#..##..............#
.....>.....(....#...#######
...............((.(..))...#
................#....##((.#
.#...#.##............##(<(#
..........................#
.....................##...#
.#.##.....................#


You could see 2 yaks and a centaur skeleton.

Vanquished Creatures
  2 two-headed ogres (D:8)
  Prince Ribbit (D:8)
  A hippogriff (D:7)
  A spriggan (D:7)
  2 yaks (D:8)
  A wyvern (D:8)
  A porcupine (D:8)
  Duvessa (D:5)
  Purgy (Sewer)
  An orc warrior (D:6)
  3 sky beasts (D:8)
  An ice beast (D:7)
  2 phantoms
  6 centaurs
  A big kobold (D:7)
  3 bullfrogs
  2 gnoll sergeants (D:6)
  Dowan (D:5)
  A scorpion (D:7)
  A water moccasin skeleton (D:7)
  A killer bee (D:8)
  8 wights (D:8)
  A howler monkey (D:4)
  2 jellies
  7 crimson imps
  A bullfrog zombie (D:6)
  A quasit (D:5)
  A bullfrog skeleton (D:4)
  2 hounds
  2 orc priests (D:7)
  2 orc wizards (D:7)
  4 iguanas
  8 worker ants
  A killer bee zombie (D:8)
  A hound zombie (D:6)
  A worker ant zombie (D:7)
  Robin (D:2)
  8 adders
  10 gnolls
  3 shadow imps
  An ooze (D:1)
  2 adder skeletons
  5 worms
  5 dart slugs
  8 leopard geckos
  16 orcs
  13 bats
  13 giant cockroaches
  9 goblins
  9 hobgoblins
  10 jackals
  8 quokkas
  4 ball pythons
  2 frilled lizards (D:2)
  7 kobolds
  2 quokka skeletons
  A quokka zombie (D:8)
  4 rats
217 creatures vanquished.

Notes
Turn   | Place    | Note
-------+----------+-------------------------------------------
     0 | D:1      | lynn the Kobold Conjurer began the quest for the Orb.
     0 | D:1      | Reached XP level 1. HP: 10/10 MP: 3/3
   224 | D:1      | Reached XP level 2. HP: 15/15 MP: 1/5
   668 | D:1      | Reached XP level 3. HP: 16/19 MP: 1/6
  1179 | D:2      | Upgraded the game from 0.20-a0-217-g17e8ceb to 0.20-a0-222-gb69ddcd
  1210 | D:2      | Noticed Robin
  1217 | D:2      | Killed Robin
  1217 | D:2      | Reached XP level 4. HP: 24/24 MP: 5/8
  1914 | D:2      | Reached XP level 5. HP: 28/28 MP: 5/9
  2632 | D:2      | Learned a level 4 spell: Iskenderun's Mystic Blast
  2833 | D:3      | Reached skill level 5 in Conjurations
  3308 | D:3      | Found a hide-covered altar of Uskayaw.
  3308 | D:3      | Found a shattered altar of Ashenzari.
  3310 | D:3      | Found a burning altar of Makhleb.
  3310 | D:3      | Found an opulent altar of Gozag.
  3311 | D:3      | Found a stormy altar of Qazlal.
  3311 | D:3      | Found a sacrificial altar of Ru.
  3321 | D:3      | Upgraded the game from 0.20-a0-222-gb69ddcd to 0.21-a0-150-gc243083
  3856 | D:3      | Became a worshipper of Qazlal Stormbringer
  3874 | D:3      | Reached XP level 6. HP: 32/32 MP: 7/11
  4166 | D:4      | Found Meicryasi's Magic Scroll Emporium.
  4201 | D:4      | Bought a scroll of teleportation for 36 gold pieces
  4201 | D:4      | Bought a scroll of identify for 24 gold pieces
  4201 | D:4      | Bought a scroll of identify for 24 gold pieces
  4201 | D:4      | Bought a scroll of fog for 24 gold pieces
  4707 | D:3      | Reached skill level 5 in Stealth
  4959 | D:4      | Found a sparkling altar of Nemelex Xobeh.
  5002 | D:5      | Entered Level 5 of the Dungeon
  5096 | D:4      | Reached XP level 7. HP: 30/36 MP: 10/13
  5220 | D:5      | Found a snail-covered altar of Cheibriados.
  5290 | D:5      | Noticed Duvessa
  5291 | D:5      | Noticed Dowan
  5305 | D:5      | Killed Duvessa
  5309 | D:5      | Learned a level 4 spell: Force Lance
  5340 | D:5      | Reached * piety under Qazlal
  5462 | D:5      | Found a staircase to the Ecumenical Temple.
  5471 | Temple   | Entered the Ecumenical Temple
  5484 | Temple   | Reached skill level 1 in Translocations
  5529 | D:5      | Found a sparkling altar of Nemelex Xobeh.
  5776 | D:5      | Killed Dowan
  5842 | D:5      | Reached XP level 8. HP: 41/41 MP: 14/14
  6024 | D:6      | Found a glowing drain.
  6028 | Sewer    | Entered a sewer
  6099 | Sewer    | Noticed Purgy
  6116 | Sewer    | Killed Purgy
  6116 | Sewer    | Reached skill level 5 in Dodging
  6330 | D:6      | Reached skill level 1 in Short Blades
  7509 | D:7      | Reached ** piety under Qazlal
  7546 | D:7      | Reached XP level 9. HP: 45/45 MP: 13/15
  7686 | D:7      | Reached skill level 5 in Short Blades
  7713 | D:7      | Noticed a hippogriff
  8286 | D:7      | Killed a hippogriff
  9171 | D:8      | Noticed a two-headed ogre
  9380 | D:8      | Reached XP level 10. HP: 17/50 MP: 16/16
  9715 | D:8      | Noticed Prince Ribbit
  9718 | D:8      | Killed Prince Ribbit
  9768 | D:8      | Noticed a two-headed ogre
 10048 | D:8      | Killed a two-headed ogre
 10048 | D:8      | Reached skill level 10 in Dodging
 10381 | D:8      | Killed a two-headed ogre
 10381 | D:8      | Reached skill level 10 in Short Blades
 10434 | D:8      | Found Wopum's Assorted Antiques.
 10497 | D:8      | Found a blossoming altar of Fedhas.
 10648 | D:9      | Found an iron altar of Okawaru.
 10919 | D:9      | Noticed a gargoyle
 11271 | D:8      | Reached *** piety under Qazlal
 11271 | D:8      | Reached XP level 11. HP: 38/54 MP: 0/17
 11493 | D:8      | Reached skill level 1 in Invocations
 11651 | D:8      | Slain by a yak

Vault maps used:
D:1:      lemuel_arrival_river_bridge
D:2:      minmay_roachtagon, first_bread, uniq_robin
D:3:      grunt_temple_overflow_open
D:4:      kennysheep_mini, serial_shops, shop
D:5:      kennysheep_slug_shrine, minmay_temple_entry_glass, basic_altar,
          uniq_duvessa
D:6:      gup_sewer_entry_bowl
D:7:      the_bakery
D:8:      marbit_many_paths, enter_bailey_7, serial_shops, shop,
          uniq_prince_ribbit1
D:9:      okawaru_metal_pillars_1_2, due_lair_maze_entry_diamond, serial_shops,
          shop, shop, nicolae_shop_crystal, led_sif_pool
Temple:   jpeg_temple_clearing
Sewer:    sewer_big_baddie

Skill      XL: |  1  2  3  4  5  6  7  8  9 10 11 |
---------------+----------------------------------+-----
Dodging        | 3 4 6 8 11 | 11.2
Stealth        | 3 4 5 |  5.8
Spellcasting   | 3 4 |  4.6
Conjurations   | 5 6 |  6.7
Translocations | 1 2 4 |  4.8
Short Blades   | 4 7 11 | 11.0
Invocations    | 2 |  2.5

Action                   |  1- 3 |  4- 6 |  7- 9 | 10-12 || total
-------------------------+-------+-------+-------+-------++-------
Melee: Dagger            |       |    26 |   226 |   124 ||   376
 Fire: Hunting sling     |    27 |     1 |       |       ||    28
       Blowgun           |       |       |     4 |       ||     4
 Cast: Magic Dart        |    40 |   222 |   130 |    21 ||   413
       Iskenderun's Myst |       |     2 |    40 |    33 ||    75
       Force Lance       |       |       |    23 |    24 ||    47
Evoke: Wand              |       |       |     2 |       ||     2
  Use: Scroll            |     1 |     6 |     3 |     6 ||    16
       Potion            |       |       |     2 |       ||     2
  Eat: Chunk             |    10 |    12 |    26 |    10 ||    58
Armor: Robe              |     2 |    23 |    77 |    13 ||   115
Dodge: Dodged            |    10 |    89 |   242 |   126 ||   467
Block: Other             |       |       |    16 |    27 ||    43

Vault maps used:
D:1:      lemuel_arrival_river_bridge
D:2:      minmay_roachtagon, first_bread, uniq_robin
D:3:      grunt_temple_overflow_open
D:4:      kennysheep_mini, serial_shops, shop
D:5:      kennysheep_slug_shrine, minmay_temple_entry_glass, basic_altar,
          uniq_duvessa
D:6:      gup_sewer_entry_bowl
D:7:      the_bakery
D:8:      marbit_many_paths, enter_bailey_7, serial_shops, shop,
          uniq_prince_ribbit1
D:9:      okawaru_metal_pillars_1_2, due_lair_maze_entry_diamond, serial_shops,
          shop, shop, nicolae_shop_crystal, led_sif_pool
Temple:   jpeg_temple_clearing
Sewer:    sewer_big_baddie
